 Dungeon Crawl Stone Soup version 0.24-a0-530-g18ba70b5 (webtiles) character file.

Game seed: 13141682155962421842

272 Gunnerkreig the Sneak (level 6, -3/41 HPs)
             Began as an Octopode Wizard on Aug 7, 2019.
             Killed from afar by an orc wizard (11 damage)
             ... with a magic dart
             ... on level 4 of the Dungeon.
             The game lasted 00:09:14 (3344 turns).

Gunnerkreig the Sneak (Octopode Wizard)             Turns: 3344, Time: 00:09:15

Health: -3/41      AC:  1    Str:  6    XL:     6   Next: 23%
Magic:  8/12       EV: 13    Int: 23    God:
Gold:   103        SH:  0    Dex: 10    Spells: 4/13 levels left

rFire    . . .     SeeInvis .   s - +2 whip (freeze)
rCold    . . .     Gourm    .   (no shield)
rNeg     . . .     Faith    .   a - +0 hat
rPois    .         Spirit   .   e - amulet of magic regeneration
rElec    .         Reflect  .   (no ring)
rCorr    .         Harm     .   (no ring)
MR       .....                  (no ring)
Stlth    ++++......             (no ring)
HPRegen  0.13/turn              (no ring)
MPRegen  0.38/turn              (no ring)
                                (no ring)
                                (no ring)

@: no status effects
A: almost no armour, stealthy swim, amphibious, 8 rings, constrict 8, camouflage
1, gelatinous body 1
a: no special abilities


You were on level 4 of the Dungeon.
You were not hungry.

You visited 1 branch of the dungeon, and saw 4 of its levels.

You collected 103 gold pieces.

Inventory:

Hand Weapons
 k - a +0 whip
 s - a +2 whip of freezing (weapon)
Missiles
 f - 80 stones
 h - 28 poisoned darts (quivered)
 p - 6 javelins
 r - 2 curare-tipped darts
 t - 18 bolts
Armour
 a - a +0 hat (worn)
Jewellery
 e - an amulet of magic regeneration (around mantle)
 q - a cursed amulet of inaccuracy {unknown}
Scrolls
 d - 2 scrolls of teleportation {unknown}
 g - a scroll of identify {unknown}
 i - 3 scrolls of magic mapping {unknown}
 l - a scroll of amnesia {unknown}
 n - a scroll of fog {unknown}
 o - a scroll of enchant weapon {unknown}
Potions
 b - a potion of heal wounds {unknown}
 j - 2 potions of degeneration {unknown}
 m - a potion of mutation {unknown}
Comestibles
 c - 5 rations
 u - 3 chunks of flesh


   Skills:
 + Level 2.8 Fighting
 - Level 2.0 Dodging
 - Level 5.1 Stealth
 + Level 4.0 Spellcasting
 + Level 3.0 Conjurations
 - Level 1.0 Summonings
   Level 1.0 Translocations
 + Level 0.0 Air Magic
 + Level 0.0 Poison Magic


You had 4 spell levels left.
You knew the following spells:

 Your Spells              Type           Power        Failure   Level  Hunger
a - Magic Dart            Conj           ###.         3%          1    None
b - Conjure Flame         Conj/Fire      ##......     17%         3    ##.....
c - Mephitic Cloud        Conj/Pois/Air  #.......     21%         3    ##.....
w - Call Imp              Summ           #.......     11%         2    #......

Your spell library contained the following spells:

 Spells                   Type           Power        Failure   Level  Hunger
 Blink                    Tloc           N/A          11%         2    #......
 Slow                     Hex            #.......     16%         2    #......


Dungeon Overview and Level Annotations

Branches:
Dungeon (4/15)
 Temple: D:4-7

Altars:
Elyvilon
Sif Muna
Trog

Annotations:
D:4 Grinder


Innate Abilities, Weirdness & Mutations

You cannot wear most types of armour.
You are very stealthy in the water. (Stealth+)
You are amphibious.
You can wear up to eight rings at the same time.
You can use your tentacles to constrict eight enemies at once.
Your skin changes colour to match your surroundings (Stealth+).
Your rubbery body absorbs attacks. (AC +1, EV +1)


Message History

Confirm with . or Enter, or press ? or * to list all spells.
Aiming: Mephitic Cloud (safe; 21% risk of failure)
Press: ? - help, Shift-Dir - straight line, f - you
Okay, then.
Casting: Mephitic Cloud (safe; 21% risk of failure)
Confirm with . or Enter, or press ? or * to list all spells.
You don't know that spell.
Casting: Mephitic Cloud (safe; 21% risk of failure)
Confirm with . or Enter, or press ? or * to list all spells.
A beastly little devil appears in a puff of flame.
Something hits you but does no damage. x2
Casting: Call Imp (safe; 11% risk of failure)
Confirm with . or Enter, or press ? or * to list all spells.
A beastly little devil appears in a puff of frigid air.
Something hits you.
* * * LOW HITPOINT WARNING * * *
You hear some strange, mumbled words.
A magic dart appears from out of thin air!
The magic dart hits you!
You die...

#..♣♣♣P≈P≈≈≈≈≈P≈
#.≈≈P≈≈≈≈≈≈≈≈≈P≈
###P≈P≈≈≈≈≈P≈≈≈≈≈≈
##...≈P≈≈≈P≈≈PP≈≈..
#.....♣≈♣≈P≈.≈.....
##.....#...........
#5.....#...........
#5..........P..≈≈≈≈
#{@#......♣PPPP≈≈≈≈
##†##..####≈♣≈≈♣≈≈≈
#......# ♣♣♣♣♣♣
##...### ♣ ##.... #
##....h ###..#..
#)# . ..


You could see a friendly crimson imp and a friendly white imp.

Vanquished Creatures
  Blork the orc (D:4)
  An orc priest (D:4)
  An orc wizard (D:4)
  An iguana (D:4)
  A gnoll (D:3)
  3 adders
  2 worms
  2 dart slugs (D:1)
  A leopard gecko (D:4)
  4 orcs
  A ball python (D:4)
  3 giant cockroaches
  9 goblins
  10 hobgoblins
  3 jackals (D:4)
  8 kobolds
  A quokka (D:3)
  4 bats (D:1)
  4 frilled lizards
  A leopard gecko skeleton (D:4)
  5 rats
66 creatures vanquished.

Vanquished Creatures (collateral kills)
  2 gnolls (D:3)
2 creatures vanquished.

Grand Total: 68 creatures vanquished

Notes
Turn   | Place    | Note
-------+----------+-------------------------------------------
     0 | D:1      | Gunnerkreig the Octopode Wizard began the quest for the
                  | Orb.
     0 | D:1      | Reached XP level 1. HP: 11/11 MP: 4/4
   135 | D:1      | Reached skill level 3 in Stealth
   135 | D:1      | Reached XP level 2. HP: 18/18 MP: 1/6
   309 | D:1      | Reached skill level 1 in Fighting
   545 | D:1      | Reached XP level 3. HP: 23/23 MP: 0/7
   984 | D:2      | Learned a level 3 spell: Conjure Flame
   988 | D:2      | Learned a level 3 spell: Mephitic Cloud
  1408 | D:2      | Found a bloodstained altar of Trog.
  1705 | D:3      | Reached XP level 4. HP: 28/28 MP: 6/9
  1727 | D:3      | Learned a level 2 spell: Call Imp
  1735 | D:3      | Found a white marble altar of Elyvilon.
  1905 | D:3      | Reached skill level 4 in Stealth
  2675 | D:3      | Found a deep blue altar of Sif Muna.
  2688 | D:3      | Reached XP level 5. HP: 26/34 MP: 6/10
  2898 | D:4      | Noticed Grinder
  2952 | D:4      | Noticed Blork the orc
  3233 | D:4      | Killed Blork the orc
  3233 | D:4      | Reached skill level 5 in Stealth
  3233 | D:4      | Reached XP level 6. HP: 30/41 MP: 6/12
  3344 | D:4      | Killed from afar by an orc wizard

Levels and vault maps discovered:
D:1:      tarquinn_simple_flora_water_f, layout_loops_ring, minmay_tromino_v7
D:2:      layout_loops_cross, lemuel_round_altar
D:3:      layout_basic, marbit_many_paths, nicolae_overflow_crystal_walls
D:4:      kennysheep_goblin_castle, layout_cave_pools, kennysheep_little_box,
          serial_bayou, serial_bayou_shore_b, serial_bayou_lagoon_a,
          serial_bayou_lake_a, serial_bayou_ford_a, serial_shops,
          shop_fountains, dk_rats_in_the_wall, uniq_blork_the_orc, uniq_grinder

Skill      XL: |  1  2  3  4  5 |
---------------+----------------+-----
Stealth        | 3 4 5 |  5.1
Fighting       | 1 2 |  2.8
Conjurations   | 2 3 |  3.0
Spellcasting   | 4 |  4.0
Dodging        | |  2.0
Summonings     | |  1.0
Translocations | |  1.0

Action                   |  1- 3 |  4- 6 || total
-------------------------+-------+-------++-------
Melee: Unarmed           |     7 |       ||     7
       Constrict         |     9 |    12 ||    21
       Tentacles         |     7 |     5 ||    12
       Dagger            |    10 |       ||    10
       Whip              |    13 |    50 ||    63
       Short sword       |     8 |       ||     8
 Cast: Magic Dart        |    62 |    54 ||   116
       Mephitic Cloud    |       |     3 ||     3
       Call Imp          |       |     3 ||     3
       Conjure Flame     |       |     5 ||     5
 Stab: Sleeping          |       |     2 ||     2
       Confused          |       |     1 ||     1
  Eat: Chunk             |     2 |     4 ||     6
       Ration            |       |     1 ||     1
Armor: Skin              |     1 |       ||     1
Dodge: Dodged            |    20 |    29 ||    49

Table legend:
 A = Non-vault XP
 B = Vault XP
 C = Vault XP percentage of total XP
 D = Non-vault monster count
 E = Vault monster count
 F = Vault count percentage of total count
                 A         B        C        D         E       F
            +---------+---------+-------+---------+---------+-------
      Total |     270 |     119 |  30.6 |      63 |       5 |   7.4
            +---------+---------+-------+---------+---------+-------
        D:1 |      49 |       6 |  10.9 |      27 |       3 |  10.0
        D:2 |      25 |       0 |   0.0 |       6 |       0 |   0.0
        D:3 |      75 |      14 |  15.7 |      18 |       1 |   5.3
        D:4 |     121 |      99 |  45.0 |      12 |       1 |   7.7
            +---------+---------+-------+---------+---------+-------
